 Dungeon Crawl Stone Soup version 0.18.1-48-g4cf74bf (webtiles) character file.

22143 nikopol the Spear-Bearer (level 12, -3/165 HPs)
             Began as a Minotaur Berserker on July 25, 2016.
             Was a High Priest of Trog.
             Slain by a giant leech (13 damage)
             ... on level 4 of the Lair of Beasts.
             The game lasted 00:53:47 (15701 turns).

nikopol the Spear-Bearer (Minotaur Berserker)      Turns: 15701, Time: 00:53:47

Health: -3/165     AC: 10    Str: 27    XL:     12   Next: 60%
Magic:  11/11      EV: 18    Int:  4    God:    Trog [*****.]
Gold:   263        SH:  0    Dex: 15    Spells: 0 memorised, 11 levels left

rFire  . . .     SeeInvis .     x - +0 trident
rCold  + . .     Gourm    .     I - +2 leather armour {MR+}
rNeg   . . .     Faith    .     (no shield)
rPois  +         Spirit   .     t - +0 hat
rElec  .         Dismiss  .     m - +0 cloak
rCorr  .         Reflect  .     y - +0 pair of gloves
SustAt .         Harm     .     z - +0 pair of boots
MR     +++..                    (no amulet)
Stlth  ..........               f - ring "Yloneel" {rPois rC+ MR+}
                                h - ring of protection from magic

@: berserking, very quick, extremely resistant to hostile enchantments,
extremely unstealthy
A: retaliatory headbutt, horns 2
a: Berserk, Trog's Hand, Brothers in Arms, Burn Spellbooks, Renounce Religion


You were on level 4 of the Lair of Beasts.
You worshipped Trog.
Trog was extremely pleased with you.
You were not hungry.

You visited 2 branches of the dungeon, and saw 15 of its levels.

You collected 911 gold pieces.
You spent 648 gold pieces at shops.

Inventory:

Hand Weapons
 c - a +0 shortbow
 x - a +0 trident (weapon)
Missiles
 i - 186 arrows (quivered)
Armour
 m - a +0 cloak (worn)
 t - a +0 hat (worn)
 y - a +0 pair of gloves (worn)
 z - a +0 pair of boots (worn)
 I - a +2 leather armour of magic resistance (worn)
Jewellery
 e - an uncursed ring of protection from cold
 f - the ring "Yloneel" (right hand) {rPois rC+ MR+}
   (You bought it in a shop on level 9 of the Dungeon)

   [ring of protection from magic]

   It protects you from cold.
   It protects you from poison.
   It affects your resistance to hostile enchantments.
 h - a ring of protection from magic (left hand)
 P - an uncursed ring of sustain attributes
Wands
 a - a wand of lightning (6/15)
 n - a wand of enslavement (14/24)
 K - a wand of disintegration (6/24)
 R - a wand of flame (18/48)
Scrolls
 d - 3 scrolls of enchant armour {unknown}
 g - 5 scrolls of teleportation {unknown}
 j - 4 scrolls of noise {unknown}
 o - 7 scrolls of remove curse {unknown}
 q - 4 scrolls of enchant weapon {unknown}
 v - 3 scrolls of fear {unknown}
 w - a scroll of random uselessness {unknown}
 B - a scroll of vulnerability {unknown}
 G - a scroll of magic mapping {unknown}
 L - a scroll of recharging {unknown}
 N - a scroll of fog {unknown}
 O - a scroll of holy word {unknown}
 S - a scroll of identify
 T - a scroll of blinking {unknown}
 V - a scroll of immolation {unknown}
Potions
 b - 2 potions of mutation
 k - 5 potions of flight
 l - 3 potions of might
 p - a potion of resistance
 r - 7 potions of curing
 s - a potion of brilliance
 C - a potion of agility
 D - a potion of experience
 H - a potion of haste {unknown}
 J - a potion of invisibility
 M - a potion of cancellation {unknown}
 Q - 2 potions of magic
 W - 3 potions of heal wounds
Comestibles
 u - 2 meat rations
 A - 35 fruits
 E - 6 bread rations
 F - 11 royal jellies
 U - a slice of pizza
 X - 3 chunks of flesh


   Skills:
 + Level 11.0 Fighting
 * Level 13.3 Polearms
 * Level 10.8 Bows
 + Level 10.6 Armour
 + Level 10.1 Dodging


You had 11 spell levels left.
You didn't know any spells.

Dungeon Overview and Level Annotations

Branches:
Dungeon (11/15)            Temple (0/1) D:6            Lair (4/8) D:11
  Snake (0/4) Lair:4          Orc (0/2) D:10
  Swamp: Lair:3-6    Shoals: Lair:3-6

Altars:
Ashenzari
Cheibriados
Fedhas
Gozag
Kikubaaqudgha
Okawaru
Ru
Sif Muna
Vehumet
Xom
Yredelemnul

Shops:
D:9 :=%*   D:10 *

Annotations:
Lair:1 exclusion: oklob plant


Innate Abilities, Weirdness & Mutations

You reflexively headbutt those who attack you in melee.
You have a pair of horns on your head.


Message History

You headbutt the river rat. The giant leech bites you!!
* * * LOW HITPOINT WARNING * * *
The giant leech draws strength from your injuries!
You hit the giant leech. Your headbutt misses the giant leech.
The giant leech is heavily wounded.
You closely miss the giant leech.
The giant leech is heavily wounded.
The river rat bites you but does no damage.
Things that are here:
a crocodile skeleton; a river rat corpse You closely miss the giant leech.
The giant leech is heavily wounded.
The river rat closely misses you.
You puncture the giant leech! You headbutt the giant leech.
The giant leech is severely wounded.
You hit the giant leech.
The giant leech is severely wounded.
The river rat barely misses you. You furiously retaliate!
You headbutt the river rat! The giant leech bites you!
You die...

...........#....#♣
....#P.........#♣
...##P..........♣
...###....#.....♣ ...#
#..........♣ ...#
#.#.###...#♣ ...# ###.#
#....♣♣ ♣ ..####
.###.....♣♣.♣♣...
...♣.##.........@w(((.(..
.))..............r†......
#♣.<.♣#.................(
#.....#..........##.P.#.#
.#...##..#......P# .#+# .
##.+## ##.....## .. #...
.......# .. .... #......#
... ...#


You could see a giant leech and a river rat.

Vanquished Creatures
  The ghost of Criton the Grappler, a novice TrMo of Okawaru (D:10)
  2 hydras
  Erica (D:8)
  Pikel (D:5)
  3 hill giants (D:10)
  A cyclops (D:11)
  Maurice (D:9)
  3 black mambas
  5 spiny frogs
  A yaktaur (shapeshifter) (D:7)
  A rime drake (Lair:4)
  3 komodo dragons
  3 blink frogs (Lair:1)
  A giant leech (Lair:4)
  Sigmund (D:4)
  The ghost of atgrul the Digger, an amateur GrEE (D:5)
  12 yaks
  3 wyverns
  A basilisk (D:11)
  2 hungry ghosts (D:8)
  5 hippogriffs
  11 water moccasins
  4 nagas (Lair:4)
  6 porcupines
  A slave (D:5)
  6 orc warriors
  A sky beast (D:5)
  2 ice beasts
  A black bear (Lair:3)
  2 wasps
  A necrophage (D:10)
  2 ogres
  4 phantoms
  7 wolves
  5 centaurs
  A big kobold (D:10)
  8 crocodiles
  14 giant frogs
  8 killer bees
  4 howler monkeys
  4 crimson imps
  2 centaur zombies
  A quasit (D:11)
  A hound (D:11)
  5 jellies
  6 orc wizards
  A centaur skeleton (D:11)
  3 orc priests
  2 giant frog skeletons
  11 iguanas
  4 worker ants
  4 sheep (Lair:3)
  A hound zombie (D:6)
  A hound skeleton (D:10)
  A howler monkey zombie (D:10)
  A worker ant zombie (D:11)
  A howler monkey skeleton (D:3)
  4 adders
  31 river rats
  3 shadow imps
  8 oozes
  3 worms
  2 dart slugs
  3 giant geckos
  39 orcs
  2 ball pythons
  5 giant cockroaches
  4 goblins (D:1)
  4 hobgoblins
  17 jackals
  9 kobolds
  7 quokkas
  8 bats
  A giant gecko skeleton (D:4)
  6 giant newts
  A quokka skeleton (D:6)
  6 rats
  2 fungi
  15 plants
369 creatures vanquished.

Vanquished Creatures (collateral kills)
  A queen bee (Lair:3)
  7 killer bees (Lair:3)
8 creatures vanquished.

Vanquished Creatures (others)
  A slave (D:5)
  A hound (D:5)
  A jackal (D:5)
  3 fungi (Lair:4)
  8 plants
14 creatures vanquished.

Grand Total: 391 creatures vanquished

Notes
Turn   | Place    | Note
--------------------------------------------------------------
     0 | D:1      | nikopol the Minotaur Berserker began the quest for the Orb.
     0 | D:1      | Reached XP level 1. HP: 19/19 MP: 0/0
   102 | D:1      | Reached XP level 2. HP: 17/27 MP: 1/1
   109 | D:1      | Found a shimmering altar of Xom.
   217 | D:1      | Reached skill level 4 in Polearms
   274 | D:1      | Reached XP level 3. HP: 33/33 MP: 2/2
   728 | D:2      | Reached ** piety under Trog
  1926 | D:3      | Reached XP level 4. HP: 40/40 MP: 3/3
  2248 | D:3      | Found a snail-covered altar of Cheibriados.
  2253 | D:3      | Found a radiant altar of Vehumet.
  2429 | D:3      | Found a shimmering altar of Xom.
  2432 | D:3      | Found an iron altar of Okawaru.
  2435 | D:3      | Found a sacrificial altar of Ru.
  2539 | D:4      | Reached XP level 5. HP: 46/47 MP: 4/4
  2561 | D:4      | Got a scorched large shield
  2567 | D:4      | Identified the +6 large shield "Zetuv" {rElec Str+3 Int+3} (You found it on level 4 of the Dungeon)
  2593 | D:4      | Reached skill level 5 in Fighting
  2661 | D:4      | Found an opulent altar of Gozag.
  2671 | D:4      | Noticed Sigmund
  2684 | D:4      | Killed Sigmund
  2684 | D:4      | Reached skill level 5 in Polearms
  2684 | D:4      | Reached XP level 6. HP: 52/56 MP: 5/5
  3121 | D:5      | Entered Level 5 of the Dungeon
  3140 | D:5      | Found a shattered altar of Ashenzari.
  3183 | D:5      | Noticed Pikel
  3183 | D:5      | Noticed a slave
  3183 | D:5      | Noticed a slave
  3183 | D:5      | Noticed a slave
  3183 | D:5      | Noticed a slave
  3193 | D:5      | Killed a slave
  3201 | D:5      | Killed Pikel
  3201 | D:5      | Reached *** piety under Trog
  3201 | D:5      | Reached skill level 6 in Polearms
  3201 | D:5      | Reached skill level 5 in Armour
  3201 | D:5      | Reached skill level 5 in Dodging
  3201 | D:5      | Reached XP level 7. HP: 64/64 MP: 6/6
  3237 | D:5      | Reached XP level 8. HP: 65/71 MP: 7/7
  3674 | D:5      | Noticed atgrul's ghost (amateur GrEE)
  3681 | D:5      | Killed atgrul's ghost
  3681 | D:5      | Reached skill level 7 in Polearms
  3681 | D:5      | Reached skill level 1 in Bows
  3806 | D:5      | Found an ancient bone altar of Kikubaaqudgha.
  3965 | D:6      | Found a basalt altar of Yredelemnul.
  4007 | D:6      | Found a staircase to the Ecumenical Temple.
  4030 | D:6      | Found a blossoming altar of Fedhas.
  4199 | D:6      | Reached skill level 8 in Polearms
  4199 | D:6      | Reached XP level 9. HP: 33/79 MP: 8/8
  4832 | D:6      | Found a deep blue altar of Sif Muna.
  5007 | D:6      | Reached **** piety under Trog
  5160 | D:7      | Reached skill level 9 in Polearms
  5432 | D:7      | Reached skill level 5 in Bows
  5533 | D:7      | Noticed a troll
  5538 | D:7      | Noticed a yaktaur
  5545 | D:7      | Killed a yaktaur
  5853 | D:8      | Noticed Erica
  6216 | D:8      | Killed Erica
  6216 | D:8      | Reached XP level 10. HP: 65/90 MP: 9/9
  6390 | D:8      | Reached skill level 10 in Polearms
  6921 | D:9      | Found Fuaqonos's Book Emporium.
  7001 | D:9      | Found Ropuecao's Jewellery Shoppe.
  7003 | D:9      | Found Qatip's Food Shoppe.
  7117 | D:9      | Noticed Maurice
  7136 | D:9      | Killed Maurice
  7335 | D:9      | Received a gift from Trog
  7720 | D:9      | Found Puwon's General Store.
  7773 | D:10     | Entered Level 10 of the Dungeon
  7773 | D:10     | Noticed a hill giant
  7775 | D:10     | Noticed a hill giant
  7787 | D:10     | Killed a hill giant
  7791 | D:10     | Killed a hill giant
  7791 | D:10     | Reached skill level 11 in Polearms
  7860 | D:10     | Noticed Criton's ghost (novice TrMo)
  8050 | D:10     | Killed Criton's ghost
  8050 | D:10     | Reached XP level 11. HP: 63/97 MP: 10/10
  8235 | D:10     | Found Oluafesh's General Store.
  8696 | D:10     | Received a gift from Trog
  8697 | D:10     | Noticed a hill giant
  8723 | D:10     | Killed a hill giant
  8729 | D:10     | Reached ***** piety under Trog
  8964 | D:10     | Found a staircase to the Orcish Mines.
  9049 | D:11     | Found a staircase to the Lair.
  9056 | D:11     | Received a gift from Trog
  9167 | D:11     | Received a gift from Trog
  9814 | Lair:1   | Entered Level 1 of the Lair of Beasts
 10049 | Lair:1   | Received a gift from Trog
 10074 | Lair:1   | Reached skill level 10 in Fighting
 10180 | Lair:1   | Noticed an eight-headed hydra
 10184 | Lair:1   | Killed an eight-headed hydra
 10184 | Lair:1   | Reached skill level 12 in Polearms
 10584 | Lair:1   | Noticed an oklob plant
 11689 | D:9      | Bought the ring "Yloneel" {rPois rC+ MR+} for 648 gold pieces
 12530 | Lair:2   | Reached skill level 10 in Armour
 12613 | Lair:2   | Noticed an eight-headed hydra
 12622 | Lair:2   | Killed an eight-headed hydra
 12622 | Lair:2   | Reached XP level 12. HP: 107/107 MP: 11/11
 13006 | Lair:2   | Received a gift from Trog
 13822 | Lair:3   | Reached skill level 10 in Bows
 14999 | Lair:4   | Reached skill level 13 in Polearms
 14999 | Lair:4   | Reached skill level 10 in Dodging
 15408 | Lair:4   | Found a staircase to the Snake Pit.
 15701 | Lair:4   | Slain by a giant leech

Skill      XL: |  1  2  3  4  5  6  7  8  9 10 11 12 |
---------------+-------------------------------------+-----
Armour         | 3 4 5 7 9 10 | 10.6
Polearms       | 4 5 6 8 9 11 12 13 | 13.3
Fighting       | 4 5 6 7 8 9 10 11 | 11.0
Dodging        | 3 4 5 6 7 8 9 10 | 10.1
Bows           | 3 6 8 9 10 | 10.8

Action                   |  1- 3 |  4- 6 |  7- 9 | 10-12 || total
-------------------------+-------+-------+-------+-------++-------
Melee: Spear             |    94 |       |       |       ||    94
       Headbutt          |    94 |    11 |    32 |   165 ||   302
       Trident           |   226 |    87 |   155 |   693 ||  1161
 Fire: Shortbow          |       |       |   168 |   538 ||   706
Invok: Berserk           |       |     2 |     3 |     8 ||    13
       Burn Spellbooks   |       |       |       |     3 ||     3
       Trog's Hand       |       |       |       |     1 ||     1
       Brothers in Arms  |       |       |       |     1 ||     1
Evoke: Wand              |       |       |       |     1 ||     1
  Use: Scroll            |       |       |       |    14 ||    14
 Stab: Sleeping          |     3 |       |       |     1 ||     4
  Eat: Chunk             |     4 |     4 |    13 |    28 ||    49
       Beef jerky        |       |       |     1 |     1 ||     2
       Royal jelly       |       |       |     1 |       ||     1
       Pizza             |       |       |       |     2 ||     2
       Meat ration       |       |       |       |     1 ||     1
Armor: Animal skin       |    11 |       |       |       ||    11
       Leather armour    |     6 |     1 |    26 |   104 ||   137
       Scale mail        |       |    15 |    17 |       ||    32
Dodge: Dodged            |    42 |    33 |    86 |   385 ||   546
